AoeStats
← {WaZzU'P} Recluta4!

MegaRandom

508091720Analyzed
4v4 RM · 12d ago on Sep 20, 2026· 57m 43s· 8 players
Game mode
Random Map
Map size
Large (8 player)
Population
200
Speed
Normal
Resources
Standard
Victory
Conquest
Starting age
Dark Age
Ending age
Imperial Age
RankedLock teamsTeams togetherTeam positionsShared explorationLock speedFull tech treeHidden civsTurbo modeCheats
Victory
Defeat
🇺🇸 Persians · United States
1112
+17
🇺🇸 Japanese · United States
1103
+18
🇺🇦 Slavs · Ukraine
1082
+19
🇧🇪 Maya · Belgium
1070
+19
🇺🇸 Inca · United States
1212
-21
🇦🇷 Wu · Argentina
1124
-18
🇨🇭 Goths · Switzerland
1114
-17
🇻🇪 Khitans · Venezuela
1105
-17
Alima
6:43 Loom
13:11 Feudal Age
13:59 Double-Bit Axe
14:34 Horse Collar
18:02 Forging
24:22 Castle Age
25:18 Bloodlines
25:09 Husbandry
25:41 Scale Barding Armor
28:21 Light Cavalry
30:34 Iron Casting
33:13 Bow Saw
33:41 Wheelbarrow
34:03 Heavy Plow
36:52 Hand Cart
37:47 Gold Mining
40:33 Imperial Age
38:22 Hand Cart
40:15 Caravan
41:48 Cavalier
43:28 Hussar
45:31 Fletching
45:42 Padded Archer Armor
46:03 Chain Barding Armor
48:45 Town Watch
52:28 Ballistics
56:00 Kamandaran
56:34 Crossbowman
57:31 Leather Archer Armor
57:58 Bodkin Arrow
fatmuddybear
13:22 Feudal Age
14:34 Double-Bit Axe
17:04 Castle Age
18:14 Gold Mining
18:36 Bow Saw
21:24 Loom
24:20 Horse Collar
25:27 Wheelbarrow
26:22 Fletching
29:04 Hand Cart
34:30 Imperial Age
31:49 Town Watch
34:35 Imperial Age
35:29 Yasama
35:38 Guard Tower
36:00 Masonry
36:11 Ballistics
38:07 Bodkin Arrow
38:54 Keep
38:04 Arrowslits
38:59 Bracer
42:05 Elite Skirmisher
44:26 Pikeman
45:06 Squires
44:52 Arson
46:29 Two-Man Saw
45:31 Heavy Plow
46:14 Scale Mail Armor
46:27 Forging
46:21 Halberdier
48:25 Chain Mail Armor
48:47 Iron Casting
49:38 Siege Engineers
50:35 Chemistry
52:14 Conscription
PietrusIV
3:59 Loom
13:59 Feudal Age
15:27 Double-Bit Axe
17:34 Fletching
21:26 Castle Age
21:59 Padded Archer Armor
21:49 Crossbowman
22:27 Bodkin Arrow
33:40 Thumb Ring
43:34 Imperial Age
42:09 Elite Skirmisher
43:31 Town Watch
44:22 Wheelbarrow
46:59 Bracer
ATLANT
5:07 Loom
17:09 Feudal Age
17:45 Double-Bit Axe
18:02 Horse Collar
21:27 Wheelbarrow
24:00 Castle Age
27:43 Bow Saw
27:45 Heavy Plow
27:51 Pikeman
28:32 Squires
32:23 Hand Cart
35:00 Light Cavalry
35:51 Bloodlines
35:41 Husbandry
38:45 Imperial Age
36:52 Scale Barding Armor
36:58 Forging
36:48 Scale Mail Armor
39:53 Conscription
40:01 Hussar
42:02 Chain Barding Armor
41:57 Chain Mail Armor
42:17 Iron Casting
43:52 Two-Man Saw
43:25 Crop Rotation
45:18 Druzhina
47:51 Halberdier
51:18 Plate Barding Armor
53:33 Blast Furnace
53:04 Plate Mail Armor
53:41 Caravan
{WaZzU'P} Sr Gilmapi
5:40 Loom
13:22 Feudal Age
15:24 Forging
15:16 Domestication
17:42 Scale Barding Armor
24:47 Castle Age
39:26 Wheelbarrow
38:19 Elite Skirmisher
39:17 Fletching
54:22 Squires
55:52 Pikeman
{WaZzU'P} GranPolo
4:18 Loom
14:32 Feudal Age
20:23 Castle Age
18:19 Man-at-Arms
20:11 Scale Mail Armor
21:28 Forging
21:27 Horse Collar
22:12 Long Swordsman
24:37 Chain Mail Armor
26:08 Iron Casting
26:15 Squires
46:14 Town Watch
47:22 Pikeman
{WaZzU'P} Recluta4!
3:45 Loom
11:48 Feudal Age
12:37 Horse Collar
13:55 Town Watch
14:51 Wheelbarrow
17:07 Wheelbarrow
18:24 Loom
20:52 Castle Age
18:59 Town Watch
19:18 Scale Mail Armor
20:36 Double-Bit Axe
22:18 Hand Cart
22:32 Heavy Plow
22:59 Gold Mining
22:59 Champi Runner
23:40 Squires
23:42 Scale Mail Armor
24:08 Forging
24:17 Champi Warrior
25:13 Chain Mail Armor
27:03 Iron Casting
28:24 Bow Saw
28:16 Pikeman
32:43 Caravan
36:18 Imperial Age
36:38 Coinage
37:32 Plate Mail Armor
37:49 Banking
36:41 Capped Ram
40:11 Blast Furnace
39:24 Town Patrol
40:19 Elite Champi Warrior
47:01 Devotion
47:21 Devotion
Pepim14
5:08 Loom
5:36 Loom
14:26 Feudal Age
15:57 Double-Bit Axe
16:52 Man-at-Arms
22:35 Castle Age
21:25 Horse Collar
24:22 Town Watch
27:10 Pikeman
32:46 Wheelbarrow
34:37 Scale Mail Armor
35:03 Heavy Plow
36:15 Chain Mail Armor
37:48 Hand Cart
39:07 Bow Saw
39:06 Elite Skirmisher
44:22 Husbandry
44:52 Scale Barding Armor
44:58 Forging
44:55 Light Cavalry
45:52 Bloodlines
49:02 Squires
52:17 Iron Casting
56:55 Gold Mining
57:45 Chain Barding Armor
Connection lost

Rejoining the realm…

Still unreachable

The connection could not be restored.

Session expired

The server has moved on; the page needs a fresh start.